 Dungeon Crawl Stone Soup version 0.27-a0-59-gfbafd837a3 (webtiles) character file.

Game seed: 17163306042161435036

18595 Borgoz the Carver (level 12, 0/84 HPs)
             Began as a Halfling Fighter on Jan 8, 2021.
             Was a Believer of Ashenzari.
             Slain by a manticore (5 damage)
             ... on level 12 of the Dungeon.
             The game lasted 00:22:54 (12068 turns).

Borgoz the Carver (Halfling Fighter)               Turns: 12068, Time: 00:22:54

Health: 0/84       AC: 12    Str: 19    XL:     12   Next: 97%
Magic:  12/12      EV: 24    Int:  6    God:    Ashenzari [**....]
Gold:   589        SH: 11    Dex: 17    Spells: 11/11 levels left

rFire    . . .     SeeInvis .   b - +0 dagger (elec)
rCold    . . .     Faith    +   c - +0 kite shield
rNeg     . . .     Spirit   .   e - +3 troll leather armour {Purgy}
rPois    +         Reflect  .   C - +1 hat {Will+}
rElec    .         Harm     .   l - +1 cloak
rCorr    .         Rampage  .   (no gloves)
Will     +....                  (no boots)
Stlth    +.........             R - amulet of faith
HPRegen  0.64/turn              s - +4 ring of evasion
MPRegen  0.13/turn              p - ring of poison resistance

@: no status effects
A: small, mutation resistance 1
a: Renounce Religion, Curse Item, Scrying


You were on level 12 of the Dungeon.
You worshipped Ashenzari.
Ashenzari was pleased with you.
You visited 2 branches of the dungeon, and saw 13 of its levels.
You also visited: Sewer.

You collected 699 gold pieces.
You spent 110 gold pieces at shops.

Inventory:

Hand Weapons
 b - a +0 dagger of electrocution (weapon)
 k - a +0 scimitar
 E - a +2 long sword of holy wrath
 J - a +2 long sword of protection
Armour
 c - a +0 kite shield (worn)
 d - a +2 plate armour of fire resistance
 e - a +3 troll leather armour (worn) {Purgy}
 l - a +1 cloak (worn)
 C - a +1 hat of willpower (worn)
 H - a +2 leather armour of cold resistance
 K - +0 swamp dragon scales
Jewellery
 f - an uncursed ring of ice
 p - a ring of poison resistance (right hand)
 r - an uncursed amulet of the acrobat
 s - a +4 ring of evasion (left hand)
 O - the cursed ring of Midsummer {rF+ EV-4 Int+4}
   (You found it on level 8 of the Dungeon)

   [ring of evasion]

   It affects your evasion (-4).
   It affects your intelligence (+4).
   It protects you from fire.
   It has a curse placed upon it.
 R - an amulet of faith (around neck)
Wands
 h - a wand of polymorph (9)
 o - a wand of flame (32)
 y - a wand of random effects (14)
 D - a wand of acid (7)
 F - a wand of disintegration (17)
 I - a wand of paralysis (3)
Scrolls
 g - 8 scrolls of remove curse
 j - 9 scrolls of amnesia
 m - 2 scrolls of teleportation
 q - a scroll of noise {unknown}
 t - a scroll of magic mapping
 u - a scroll of identify
 x - 8 scrolls of enchant weapon
 A - 2 scrolls of random uselessness {unknown}
 G - a scroll of blinking {unknown}
 L - 2 scrolls of fear {unknown}
 N - 2 scrolls of vulnerability {unknown}
Potions
 a - a potion of cancellation
 i - 2 potions of mutation
 n - 3 potions of flight
 v - 2 potions of haste
 w - 2 potions of invisibility
 z - a potion of brilliance
 M - a potion of might
 P - a potion of resistance


   Skills:
 + Level 8.7 Fighting
 * Level 12.5 Long Blades
 + Level 10.3 Armour
 + Level 9.8 Dodging
 - Level 6.0 Shields


You had 11 spell levels left.
You didn't know any spells.
Your spell library was empty.

Dungeon Overview and Level Annotations

Branches:
Dungeon (12/15)            Temple (1/1) D:4            Lair (0/6) D:9
  Sewer (visited)
    Orc: D:9-12

Altars:
Ashenzari
Cheibriados
Dithmenos
Elyvilon
Fedhas
Gozag
Hepliaklqana
Kikubaaqudgha
Makhleb
Nemelex Xobeh
Okawaru
Qazlal
Ru
Sif Muna
Trog
Uskayaw
Vehumet
Wu Jian
Xom
Yredelemnul
Zin
The Shining One
Beogh

Shops:
D:7 (


Innate Abilities, Weirdness & Mutations

You are small and have problems with some larger weapons.
You are somewhat resistant to further mutation.


Message History

b - a +0 dagger of electrocution (weapon)
The vampire mosquito barely misses you.
Your +0 dagger of electrocution stops crackling.
You are now empty-handed.
The manticore bites you but does no damage.
You block the manticore's attack. The manticore misses you.
You block the vampire mosquito's attack.
You hear the crackle of electricity.
b - a +0 dagger of electrocution (weapon)
The vampire mosquito misses you.
Your +0 dagger of electrocution stops crackling.
You are now empty-handed.
You hear the crackle of electricity.
b - a +0 dagger of electrocution (weapon)
You carefully extract the barbed spikes from your body.
You block the vampire mosquito's attack.
You block the manticore's attack.
The manticore claws you but does no damage.
The manticore claws you.
You die...

, , , ,
......#..#.... ,
............. , ,
,, ,............
,, , .........$.,
, .......... ,,,
>...>....#** ,, ,
.....yy..#### , ,
#....@H...# , ,,
............... *
............... *
, ...............
**........##.....
, , , * **
......... ..... ,
.####.... .##. ,
* ..... ,.. * **
, , , ,


You could see a manticore and 2 vampire mosquitoes.

Vanquished Creatures
  Gastronok (D:8)
  Harold (D:9)
  4 two-headed ogres
  A death knight (D:11)
  A skeletal warrior (D:11)
  An unseen horror (D:11)
  A phantasmal warrior (D:11)
  3 ugly things (D:11)
  2 manticores (D:11)
  Maggie (D:7)
  A centaur skeleton (D:11)
  A freezing wraith (D:11)
  Grinder (D:4)
  A wyvern (D:8)
  A human (D:10)
  4 hogs (D:10)
  A wraith (D:11)
  A steam dragon (D:9)
  A vampire mosquito (D:12)
  Purgy (Sewer)
  3 ice beasts
  A sky beast (D:5)
  9 orc warriors
  A necrophage (D:8)
  2 phantoms
  4 black bears
  6 ogres
  8 centaurs
  3 big kobolds
  5 bullfrogs
  A water moccasin zombie (D:8)
  A wyvern skeleton (D:12)
  3 scorpions
  9 killer bees
  18 wights
  2 howler monkeys
  An electric eel (D:7)
  5 bullfrog zombies
  2 jellies
  A quasit (D:10)
  Crazy Yiuf (D:5)
  7 hounds
  12 orc priests
  4 bullfrog skeletons
  3 iguanas
  20 orc wizards
  7 worker ants
  3 hound skeletons
  A worker ant zombie (D:5)
  Robin (D:2)
  8 gnolls
  11 adders
  2 river rats (D:4)
  2 shadow imps
  2 white imps
  3 ufetubi
  2 worms
  4 leopard geckos
  73 orcs
  6 giant cockroaches
  16 goblins
  8 hobgoblins
  10 jackals
  25 kobolds
  4 quokkas
  3 ball pythons
  11 bats
  3 frilled lizards
  2 quokka zombies
  13 rats
381 creatures vanquished.

Vanquished Creatures (others)
  An orc wizard (D:3)
1 creature vanquished.

Grand Total: 382 creatures vanquished

Notes
Turn   | Place    | Note
-------+----------+-------------------------------------------
     0 | D:1      | Borgoz the Halfling Fighter began the quest for the Orb.
     0 | D:1      | Reached XP level 1. HP: 15/15 MP: 1/1
   118 | D:1      | Reached XP level 2. HP: 20/20 MP: 2/2
   393 | D:1      | You fall into a shaft and drop 1 floor!
   397 | D:2      | Reached XP level 3. HP: 25/25 MP: 3/3
   399 | D:2      | Noticed Robin
   895 | D:1      | Reached skill level 1 in Dodging
  1189 | D:2      | Reached XP level 4. HP: 24/31 MP: 4/4
  1243 | D:2      | Killed Robin
  1513 | D:2      | Reached skill level 3 in Long Blades
  1563 | D:2      | Found an iron altar of Okawaru.
  1576 | D:2      | Found a radiant altar of Vehumet.
  1917 | D:3      | Reached XP level 5. HP: 36/36 MP: 5/5
  2034 | D:3      | You fall into a shaft and drop 3 floors!
  2073 | D:5      | Entered Level 5 of the Dungeon
  2081 | D:5      | Noticed an ice beast
  2102 | D:5      | Killed an ice beast
  2103 | D:5      | Reached XP level 6. HP: 3/42 MP: 6/6
  2562 | D:4      | Found a glowing drain.
  2577 | Sewer    | Entered a sewer
  2580 | Sewer    | Noticed Purgy
  2586 | Sewer    | Killed Purgy
  2587 | Sewer    | Reached skill level 4 in Long Blades
  2841 | D:3      | Reached XP level 7. HP: 46/46 MP: 7/7
  3136 | D:3      | Found a basalt altar of Yredelemnul.
  3189 | D:3      | Found a white marble altar of Elyvilon.
  3814 | D:4      | Reached skill level 5 in Long Blades
  3814 | D:4      | Reached skill level 5 in Shields
  3814 | D:4      | Reached XP level 8. HP: 42/54 MP: 8/8
  3876 | D:4      | Noticed Grinder
  3880 | D:4      | Paralysed by Grinder for 6 turns
  3889 | D:4      | Killed Grinder
  3890 | D:4      | Reached skill level 5 in Armour
  3958 | D:4      | Found a staircase to the Ecumenical Temple.
  3970 | Temple   | Entered the Ecumenical Temple
  4064 | Temple   | Became a worshipper of Ashenzari the Shackled
  4503 | D:5      | Reached skill level 6 in Long Blades
  4866 | D:5      | Found a runed translucent door.
  4867 | D:5      | Noticed Crazy Yiuf
  4929 | D:5      | Reached XP level 9. HP: 59/59 MP: 9/9
  5126 | D:5      | Killed Crazy Yiuf
  5696 | D:6      | Reached skill level 5 in Fighting
  5766 | D:6      | Reached skill level 5 in Dodging
  6051 | D:6      | Reached skill level 7 in Long Blades
  6265 | D:7      | Found Jagad's Antique Weapon Emporium.
  6291 | D:7      | Bought a runed long sword for 110 gold pieces
  6566 | D:7      | Reached * piety under Ashenzari
  6569 | D:7      | Noticed Maggie
  6594 | D:7      | Killed Maggie
  6595 | D:7      | Reached skill level 8 in Long Blades
  6595 | D:7      | Reached XP level 10. HP: 37/67 MP: 10/10
  6761 | D:7      | Found a bloodstained altar of Trog.
  7220 | D:8      | Found an opulent altar of Gozag.
  7333 | D:8      | Noticed Gastronok
  7369 | D:8      | Killed Gastronok
  7370 | D:8      | Reached skill level 9 in Long Blades
  7538 | D:8      | Identified the cursed ring of Midsummer {rF+ EV-4 Int+4}
  7664 | D:8      | Reached XP level 11. HP: 70/74 MP: 11/11
  8176 | D:9      | Noticed a two-headed ogre
  8187 | D:9      | Killed a two-headed ogre
  8188 | D:9      | Reached skill level 10 in Long Blades
  8365 | D:9      | Reached ** piety under Ashenzari
  8388 | D:9      | Found a staircase to the Lair.
  8592 | D:9      | Noticed Harold
  8623 | D:9      | Killed Harold
  8752 | D:9      | Found a blossoming altar of Fedhas.
  8990 | D:10     | Entered Level 10 of the Dungeon
  9202 | D:10     | Noticed a two-headed ogre
  9218 | D:10     | Killed a two-headed ogre
  9375 | D:10     | Found a sparkling altar of Nemelex Xobeh.
  9475 | D:10     | Noticed a two-headed ogre
  9505 | D:10     | Killed a two-headed ogre
  9506 | D:10     | Reached skill level 11 in Long Blades
  9959 | D:10     | Reached XP level 12. HP: 69/82 MP: 12/12
 10660 | D:11     | Noticed a skeletal warrior
 10661 | D:11     | Noticed a death knight
 10694 | D:11     | Killed a death knight
 10908 | D:11     | Found a roughly hewn altar of Beogh.
 11112 | D:11     | Reached skill level 12 in Long Blades
 11302 | D:11     | Reached skill level 10 in Armour
 11402 | D:11     | Noticed a two-headed ogre
 11434 | D:11     | HP: 1/84 [skeletal warrior/+0 quarterstaff[a death knight]
                  | (22)]
 11445 | D:11     | Killed a skeletal warrior
 11455 | D:11     | Killed a two-headed ogre
 11703 | D:11     | Found a glowing golden altar of the Shining One.
 12006 | D:11     | Killed an unseen horror
 12060 | D:12     | HP: 3/84 [manticore (17)]
 12068 | D:12     | Slain by a manticore

Illustrated notes

Levels and vault maps discovered:
D:1:      evilmike_arrival_hilbert_curve, layout_basic, serial_curves,
          eino_curves_04, eino_curves_04
D:2:      layout_rooms, chequers_temple_overflow_statue_of_worship,
          roderic_serpentine_path, uniq_robin
D:3:      layout_rooms, kennysheep_ying_yang
D:4:      layout_loops_corners, minmay_temple_entry_overgrown,
          gup_sewer_entry_bubbles, uniq_grinder
D:5:      layout_gridville, uniq_crazy_yiuf_cottage
D:6:      layout_cave_pools, serial_co_window_serial, co_window_paths_a,
          co_window_of_opportunity_a, co_window_paths_b, co_window_paths_a,
          co_window_paths_b, co_window_2corner, co_window_corner_b,
          co_window_paths_c, co_window_sun, glass_columns_a, glass_columns_a,
          glass_columns_c, glass_columns_b, glass_columns_b
D:7:      layout_gridville, kennysheep_mini_moat, serial_rivers,
          chequers_serial_rivers_room_b, chequers_serial_rivers_micro_e,
          chequers_serial_rivers_micro_a, chequers_serial_rivers_micro_b,
          chequers_serial_rivers_micro_d, chequers_serial_rivers_micro_d,
          serial_shops, nicolae_shop_temple_entry_statues_fountains,
          nrook_pool_corridor, uniq_maggie
D:8:      minmay_angry_zag, layout_cave_pods, basic_altar, uniq_gastronok
D:9:      layout_basic, fedhas_altar_4, lair_entry_dummy, uniq_harold
D:10:     layout_big_octagon, basic_altar, grunt_livestock
D:11:     layout_roguey, special_room [special_room_orc], tso_altar
D:12:     layout_cave_pools
Temple:   regret_index_temple_sphere_string

Skill      XL: |  1  2  3  4  5  6  7  8  9 10 11 12 |
---------------+-------------------------------------+-----
Fighting       | 3 4 5 6 7 8 |  8.7
Dodging        | 1 2 3 4 5 7 8 9 |  9.8
Long Blades    | 3 4 5 6 8 9 11 12 | 12.5
Armour         | 4 5 6 8 9 10 | 10.3
Shields        | 4 5 6 |  6.0

Action                   |  1- 3 |  4- 6 |  7- 9 | 10-12 || total
-------------------------+-------+-------+-------+-------++-------
Melee: Long sword        |   129 |   165 |   286 |   965 ||  1545
       Falchion          |       |       |   236 |       ||   236
Throw: Throwing net      |       |       |     1 |     1 ||     2
Evoke: Wand              |       |       |       |     8 ||     8
  Use: Scroll            |       |     5 |     4 |    12 ||    21
       Potion            |       |     1 |     2 |    10 ||    13
 Stab: Sleeping          |       |     1 |     1 |     1 ||     3
       Held in net/web   |       |       |       |     3 ||     3
       Paralysed         |       |       |       |     7 ||     7
Armor: Scale mail        |    80 |    34 |       |       ||   114
       Troll leather arm |       |     7 |    99 |   184 ||   290
Dodge: Dodged            |    73 |   102 |   313 |   743 ||  1231
Block: Kite shield       |   101 |    75 |   261 |   560 ||   997
       Rpst.: Long sword |    21 |    31 |    46 |   214 ||   312
       Falchion          |       |       |    33 |       ||    33

Table legend: (Time is in decaauts)
 A = Elapsed time spent in this place.
 B = Non-inter-level travel time spent in this place.
 C = Inter-level travel time spent in this place.
 D = Time resting spent in this place.
 E = Time spent auto-exploring this place.
 F = Levels seen in this place.
 G = Mean time per level.
                   A        B        C        D        E       F      G
               +--------+--------+--------+--------+--------+-----+--------+
         Total |  12280 |  11907 |    373 |   2359 |   6188 |  14 |  877.1 |
       Dungeon |  11917 |  11552 |    365 |   2308 |   5965 |  12 |  993.1 |
        Temple |    145 |    137 |      8 |      0 |    130 |   1 |  145.0 |
         Sewer |    216 |    216 |      0 |     51 |     93 |   1 |  216.0 |
               +--------+--------+--------+--------+--------+-----+--------+

Top non-repeatable levels by time:
    D:11: 1692 daAuts
     D:4: 1357 daAuts
     D:9: 1196 daAuts
     D:1: 1190 daAuts
     D:8: 1094 daAuts
     D:5: 1064 daAuts
     D:7: 1053 daAuts
     D:6: 931 daAuts
    D:10: 919 daAuts
     D:2: 738 daAuts
     D:3: 639 daAuts
   Sewer: 216 daAuts
  Temple: 145 daAuts
    D:12: 39 daAuts
